 Dungeon Sprint DCSS version 0.19.5 (webtiles) character file.

158 Lexie the Fighter (level 5, -1/76 HPs)
             Began as an Ogre Hunter on June 1, 2017.
             Was an Initiate of Okawaru.
             Slain by an orc warrior
             ... wielding a +0 scimitar
              (14 damage)
             ... in the Dungeon (Sprint IX: "|||||||||||||||||||||||||||||").
             The game lasted 00:01:57 (541 turns).

Lexie the Fighter (Ogre Hunter)                      Turns: 541, Time: 00:01:57

Health: -1/76      AC:  4    Str: 18    XL:     5   Next: 40%
Magic:  5/5        EV: 12    Int: 10    God:    Okawaru [......]
Gold:   0          SH:  0    Dex: 13    Spells: 0 memorised, 4 levels left

rFire  . . .     SeeInvis .     n - +2 morningstar (crush)
rCold  . . .     Gourm    .     b - +0 robe
rNeg   . . .     Faith    .     (no shield)
rPois  .         Spirit   .     (helmet restricted)
rElec  .         Reflect  .     o - +0 cloak
rCorr  .         Harm     .     (gloves unavailable)
MR     .....     NoTele   +     (boots unavailable)
Stlth  +.........               (no amulet)
                                p - +3 ring of dexterity
                                q - +2 ring of evasion

@: very slightly contaminated, invisible
A: unfitting armour, tough skin 1
a: Renounce Religion


You were in the Dungeon.
You worshipped Okawaru.
Okawaru was noncommittal.
You were not hungry.

You visited 1 branch

Inventory:

Hand Weapons
 a - a +0 short sword
 n - a +2 morningstar of crushing (weapon)
Missiles
 c - 5 large rocks (quivered)
 d - 2 throwing nets
Armour
 b - a +0 robe (worn)
 o - a +0 cloak (worn)
Jewellery
 p - a +3 ring of dexterity (right hand)
 q - a +2 ring of evasion (left hand)
Wands
 m - a wand of lightning (7/15)
Scrolls
 j - 3 scrolls of remove curse
 k - 2 scrolls of blinking
 l - 2 scrolls of amnesia
Potions
 h - 4 potions of curing
 i - 4 potions of magic
Comestibles
 f - a bread ration


   Skills:
 - Level 13.3 Fighting
 - Level 4.0 Throwing
 - Level 1.7 Dodging
 - Level 0.6 Stealth


You had 4 spell levels left.
You didn't know any spells.

Dungeon Overview and Level Annotations

Branches:
Dungeon (1/1)

Altars:
Cheibriados
Dithmenos
Elyvilon
Fedhas
Gozag
Hepliaklqana
Kikubaaqudgha
Makhleb
Nemelex Xobeh
Okawaru
Qazlal
Ru
Sif Muna
Trog
Uskayaw
Vehumet
Xom
Yredelemnul
Zin
The Shining One
Beogh
Jiyva
Lugonu


Innate Abilities, Weirdness & Mutations

You are too large for most types of armour.
You have tough skin. (AC +1)


Message History

You feel much better.
The orc warrior hits you with a scimitar!!
* * * LOW HITPOINT WARNING * * *
You hit the orc warrior but do no damage.
The orc warrior is heavily wounded.
The orc warrior misses you.
You barely miss the orc warrior.
The orc warrior is heavily wounded.
The orc warrior hits you with a scimitar!
* * * LOW HITPOINT WARNING * * *
You feel much better.
The orc warrior hits you with a scimitar!
* * * LOW HITPOINT WARNING * * *
You fade into invisibility!
The orc warrior barely misses you.
You are very lightly contaminated with residual magic.
You barely miss the orc warrior.
The orc warrior is heavily wounded.
The orc warrior hits you with a scimitar!
You die... ▓▓▓▓▓▓▓▓▓▓▓▓▓▓▓▓▓▓▓▓▓▓▓▓ +g5SoSo@..[.[)|..'._____ ▓▓▓▓▓▓▓▓▓▓▓▓▓▓▓▓▓▓▓▓▓▓▓▓

You could see 2 orc warriors, a water moccasin, a gnoll, a crimson imp and an adder.

Vanquished Creatures
  A phantom (D)
  A scorpion (D)
  An adder (D)
  3 bats (D)
  A bat zombie (D)
  A kobold (D)
  A quokka skeleton (D)
  A rat (D)
10 creatures vanquished.

Notes
Turn   | Place    | Note
-------+----------+-------------------------------------------
     0 | D        | Lexie the Ogre Hunter began the quest for the Orb.
     0 | D        | Reached XP level 1. HP: 22/22 MP: 1/1
     5 | D        | Reached skill level 3 in Fighting
     6 | D        | Reached skill level 4 in Fighting
    18 | D        | Reached skill level 5 in Fighting
    71 | D        | Noticed a phantom
    71 | D        | Noticed a scorpion
    74 | D        | Killed a scorpion
    74 | D        | Reached skill level 9 in Fighting
    74 | D        | Reached XP level 2. HP: 45/45 MP: 2/2
    74 | D        | Reached XP level 3. HP: 53/53 MP: 3/3
    79 | D        | Reached skill level 10 in Fighting
    79 | D        | Reached XP level 4. HP: 61/61 MP: 4/4
   103 | D        | HP: 1/62 [phantom (9)]
   138 | D        | Killed a phantom
   138 | D        | Reached skill level 13 in Fighting
   138 | D        | Reached XP level 5. HP: 6/76 MP: 5/5
   474 | D        | Found a roughly hewn altar of Beogh.
   474 | D        | Found a snail-covered altar of Cheibriados.
   474 | D        | Found a shadowy altar of Dithmenos.
   474 | D        | Found a white marble altar of Elyvilon.
   474 | D        | Found a blossoming altar of Fedhas.
   474 | D        | Found an opulent altar of Gozag.
   475 | D        | Found a hazy altar of Hepliaklqana.
   476 | D        | Found a viscous altar of Jiyva.
   477 | D        | Found an ancient bone altar of Kikubaaqudgha.
   478 | D        | Found a corrupted altar of Lugonu.
   479 | D        | Found a burning altar of Makhleb.
   480 | D        | Found a sparkling altar of Nemelex Xobeh.
   481 | D        | Found an iron altar of Okawaru.
   482 | D        | Found a stormy altar of Qazlal.
   483 | D        | Found a sacrificial altar of Ru.
   484 | D        | Found a deep blue altar of Sif Muna.
   485 | D        | Found a bloodstained altar of Trog.
   486 | D        | Found a hide-covered altar of Uskayaw.
   487 | D        | Found a radiant altar of Vehumet.
   488 | D        | Found a shimmering altar of Xom.
   489 | D        | Became a worshipper of Warmaster Okawaru
   490 | D        | Found a basalt altar of Yredelemnul.
   491 | D        | Found a glowing silver altar of Zin.
   492 | D        | Found a glowing golden altar of the Shining One.
   527 | D        | Noticed a water moccasin
   527 | D        | Noticed an orc warrior
   527 | D        | Noticed an orc warrior
   541 | D        | Slain by an orc warrior

Skill      XL: |  1  2  3  4 |
---------------+-------------+-----
Fighting       | 9 10 13 | 13.3
Throwing       | |  4.0
Dodging        | |  1.7
Stealth        | |  0.6

Action                   |  1- 3 |  4- 6 || total
-------------------------+-------+-------++-------
Melee: Short sword       |    25 |    35 ||    60
       Morningstar       |       |    10 ||    10
Throw: Large rock        |       |     1 ||     1
  Use: Potion            |     1 |     6 ||     7
Armor: Robe              |    11 |     5 ||    16
Dodge: Dodged            |    21 |    15 ||    36
